 Dungeon Crawl Stone Soup version 0.21-a0-241-g2cbab09 (webtiles) character file.

12694 tidbits the Martial Artist (level 11, -8/89 HPs)
             Began as a Demigod Transmuter on Sept 3, 2017.
             Killed from afar by an orc sorcerer (31 damage)
             ... with a bolt of negative energy
             ... on level 1 of the Orcish Mines.
             The game lasted 01:04:07 (6898 turns).

tidbits the Martial Artist (Demigod Transmuter)     Turns: 6898, Time: 01:04:07

Health: -8/89      AC:  6    Str: 15    XL:     11   Next: 39%
Magic:  7/18       EV: 16    Int: 23    God:
Gold:   469        SH:  0    Dex: 16    Spells: 3/14 levels left

rFire    + . .     SeeInvis .     - Unarmed
rCold    . . .     Gourm    .   (shield currently unavailable)
rNeg     . . .     Faith    .   J - +2 robe {rF+}
rPois    .         Spirit   .   (no helmet)
rElec    .         Reflect  .   (no cloak)
rCorr    .         Harm     .   (gloves currently unavailable)
MR       +....                  F - +1 pair of boots
Stlth    +.........             C - amulet of rage
HPRegen  0.24/turn              e - +2 ring of strength
MPRegen  0.16/turn              (no ring)

@: blade hands, drained
A: high mp 1
a: End Transformation, Evoke Berserk Rage


You were on level 1 of the Orcish Mines.
You were near starving.
You had blades for hands.
You visited 2 branches of the dungeon, and saw 14 of its levels.

You collected 669 gold pieces.
You spent 200 gold pieces at shops.

Inventory:

Hand Weapons
 a - a cursed +0 blowgun
 s - a +1 mace of holy wrath
   (You took it off an orc on level 4 of the Dungeon)
 M - a +0 blowgun
 N - a +1 dagger of venom
   (You took it off a kobold on level 7 of the Dungeon)
 O - a +2 whip of electrocution
   (You took it off a kobold on level 8 of the Dungeon)
Missiles
 l - 12 tomahawks (quivered)
 q - 56 poisoned needles
 w - 152 arrows
 D - 4 javelins
Armour
 u - a +0 buckler
 B - a +2 leather armour of fire resistance
   (You took it off an orc priest on level 6 of the Dungeon)
 F - a +1 pair of boots (worn)
 G - the +4 pair of gloves "Liysuuzi" (melded) {rN+++ MR+}
   (You found it on level 10 of the Dungeon)

   It renders you almost immune to negative energy.
   It affects your resistance to hostile enchantments.
 H - a +2 leather armour of cold resistance
   (You took it off an orc on level 1 of the Orcish Mines)
 J - a +2 robe of fire resistance (worn)
   (You took it off Pikel on level 7 of the Dungeon)
Jewellery
 e - a +2 ring of strength (left scythe-like blade)
   (You found it on level 1 of the Dungeon)
 h - a +3 amulet of reflection {unknown}
   (You found it on level 11 of the Dungeon)
 v - an uncursed ring of protection from magic {unknown}
   (You bought it in a shop on level 9 of the Dungeon)
 y - an uncursed ring of ice
   (You found it on level 5 of the Dungeon)
 C - an amulet of rage (around neck)
   (You found it on level 5 of the Dungeon)
 Q - an uncursed ring of ice
   (You found it on level 12 of the Dungeon)
Wands
 f - a wand of paralysis (22/24)
 z - a wand of acid (10/15)
 L - a wand of flame (15/48)
 X - a wand of iceblast (10/15)
Scrolls
 i - 6 scrolls of teleportation
 j - 2 scrolls of amnesia
 o - 2 scrolls of immolation {unknown}
 p - 2 scrolls of fear
 r - 4 scrolls of remove curse
 P - 2 scrolls of vulnerability {unknown}
 Y - 4 scrolls of recharging
Potions
 k - a potion of ambrosia
 m - 2 potions of resistance
 n - a potion of curing
 t - a potion of brilliance
 x - a potion of flight
 A - a potion of agility
 T - a potion of mutation {unknown}
 Z - a potion of berserk rage
Books
 c - a book of Changes

   Spells                             Type                      Level
   a - Beastly Appendage              Transmutation                1
   b - Sticks to Snakes               Transmutation                2
   c - Spider Form                    Transmutation/Poison         3
   d - Ice Form                       Ice/Transmutation            4
   e - Blade Hands                    Transmutation                5
 E - a book of Debilitation
   (You found it on level 6 of the Dungeon)

   Spells                             Type                      Level
   a - Corona                         Hexes                        1
   b - Slow                           Hexes                        2
   c - Inner Flame                    Hexes/Fire                   3
   d - Portal Projectile              Hexes/Translocation          3
   e - Cause Fear                     Hexes                        4
   f - Leda's Liquefaction            Hexes/Earth                  4
 K - the Handbook of Beguiling and Translocation
   (You found it on level 6 of the Dungeon)

   Spells                             Type                      Level
   a - Dazzling Spray                 Conjuration/Hexes            3
   b - Portal Projectile              Hexes/Translocation          3
   c - Passage of Golubria            Translocation                4
   d - Discord                        Hexes                        8
 R - a book of Beasts
   (You found it on level 8 of the Dungeon)

   Spells                             Type                      Level
   a - Summon Butterflies             Summoning                    1
   b - Call Canine Familiar           Summoning                    3
   c - Summon Ice Beast               Ice/Summoning                4
   d - Summon Mana Viper              Hexes/Summoning              5
   e - Summon Hydra                   Summoning                    7
 W - a Young Poisoner's Handbook
   (You found it on level 9 of the Dungeon)

   Spells                             Type                      Level
   a - Sting                          Conjuration/Poison           1
   b - Poisonous Vapours              Poison/Air                   2
   c - Mephitic Cloud                 Conjuration/Poison/Air       3
   d - Olgreb's Toxic Radiance        Poison                       4
   e - Venom Bolt                     Conjuration/Poison           5
Miscellaneous
 V - a lightning rod (4/4)
Comestibles
 d - 3 bread rations
 g - 3 meat rations


   Skills:
 - Level 6.3(5.6) Fighting
 - Level 6.4(5.8) Dodging
 - Level 10.8(10.0) Unarmed Combat
 - Level 2.1(1.5) Spellcasting
 + Level 9.2(8.4) Transmutations
 - Level 5.3(4.7) Evocations


You had 3 spell levels left.
You knew the following spells:

 Your Spells              Type           Power        Failure   Level  Hunger
e - Beastly Appendage     Tmut           #####.       11%         1    #......
h - Blade Hands           Tmut           #####.....   50%         5    ######.
k - Sticks to Snakes      Tmut           #####...     13%         2    ###....
p - Spider Form           Tmut/Pois      ###.......   38%         3    ###....


Dungeon Overview and Level Annotations

Branches:
Dungeon (13/15)            Temple (0/1) D:7            Lair (0/6) D:10
    Orc (1/2) D:10
 Vaults: D:13-14

Shops:
D:4 %   D:5 (   D:9 *

Annotations:
D:2 Jessica
D:7 Menkaure
D:9 1 runed door


Innate Abilities, Weirdness & Mutations

You have an increased reservoir of magic. (+10% MP)


Message History

Your ball python grabs the orc warrior.
Your ball python constricts the orc warrior.
Your ball python bites the orc warrior.
Your ball python constricts the orc warrior.
The orc warrior hits you with a long sword.
There is an escape hatch in the floor, spattered with blood here.
You slice the orc warrior!! You slash the orc warrior.
The orc warrior is almost dead.
Your hands revert to their normal proportions.
The +4 pair of gloves "Liysuuzi" {rN+++ MR+} unmelds from your body.
The orc wizard points at you and mumbles some strange words.
The puff of flame hits you!
Your ball python bites the orc warrior but does no damage.
Your ball python constricts the orc warrior.
You hit the orc warrior but do no damage.
The orc warrior is almost dead.
The orc warrior barely misses you.
Your ball python bites the orc warrior but does no damage.
Your ball python constricts the orc warrior.
You punch the orc wizard!
The orc wizard is almost dead.
Your ball python barely misses the orc warrior.
Your ball python constricts the orc warrior.
The orc wizard hits you but does no damage.
The orc warrior hits you with a long sword!
You punch the orc warrior!
You kill the orc warrior!
The orc wizard hits you but does no damage.
You miss the orc wizard.
The orc wizard is severely wounded.
Your ball python bites the orc wizard but does no damage.
Your ball python grabs the orc wizard.
Your ball python constricts the orc wizard.
You strike the helpless orc wizard from behind!
You hit the orc wizard.
The orc wizard is almost dead.
Your ball python bites the orc wizard.
The orc wizard dies!
Your ball python looks stronger.
Things that are here:
a long sword; a chain mail
Items here: )))) [[
Okay, then.
There is an escape hatch in the floor, spattered with blood here.
Things that are here:
a flail; a ring mail
Items here: )))) [[
Found a roughly hewn altar of Beogh.
An orc comes into view. It is wielding a hand axe.
The orc shouts!
Casting: Sticks to Snakes
Confirm with . or Enter, or press ? or * to list all spells.
Your hands turn into razor-sharp scythe blades.
The +4 pair of gloves "Liysuuzi" {rN+++ MR+} melds into your body.
You are feeling very hungry.
The orc hits you with a hand axe.
You slice the orc!!
You kill the orc!
Things that are here:
a hand axe; a leather armour You now have 469 gold pieces (gained 18).
There is a roughly hewn altar of Beogh here.
Your hands revert to their normal proportions.
The +4 pair of gloves "Liysuuzi" {rN+++ MR+} unmelds from your body.
Your ball python withers and dies!
Things that are here:
a hand axe; a leather armour An orc sorcerer comes into view.
It is wielding a dagger.
Casting: Blade Hands
Confirm with . or Enter, or press ? or * to list all spells.
Your hands turn into razor-sharp scythe blades.
The +4 pair of gloves "Liysuuzi" {rN+++ MR+} melds into your body.
The orc sorcerer shouts!
You are near starving!
The orc sorcerer gestures at you while chanting.
You suddenly lose the ability to move!
The orc sorcerer casts a spell.
The orc sorcerer casts a spell at you.
Helpless, you fail to dodge the bolt of fire.
You resist.
You can move again.
Unknown command.
Casting: Blade Hands
Confirm with . or Enter, or press ? or * to list all spells.
You create 2 snakes!
You now have 152 arrows.
The sun demon closely misses you.
Your adder barely misses the sun demon.
The sun demon hits you!!
* * * LOW HITPOINT WARNING * * *
You are engulfed in flames!
You resist.
* * * LOW HITPOINT WARNING * * *
The orc sorcerer hits you with a dagger.
* * * LOW HITPOINT WARNING * * *
Your adder bites the sun demon but does no damage.
The sun demon hits your adder!!
Your adder dies!
You slice the orc sorcerer!!
The orc sorcerer is heavily wounded.
The orc sorcerer casts a spell at you. The bolt of negative energy hits you!
You feel drained.
You die...

#.............#.##
#.........#......#
##..............##
##...#.#........#
#...............###
#...........>..)#.##
##.#...........))..###
##.........o.........##
#...).....3.@........)##
##..)†......S.#......<.#
#.................)..)##
#....................##
##.#..................#
##..#.......##..#.[[.##
#...............#[#[##
#....................#
##..............)...##


You could see a sun demon, an orc sorcerer and a friendly adder.

Vanquished Creatures
  A two-headed ogre (D:8)
  Pikel (D:7)
  2 cyclopes
  An orc sorcerer (Orc:1)
  A manticore (D:11)
  2 gargoyles (D:10)
  2 trolls
  A hippogriff (D:9)
  2 vampires (D:10)
  A wraith (D:9)
  4 hungry ghosts
  9 yaks (D:9)
  Grum (D:10)
  A warg (Orc:1)
  Duvessa (D:7)
  2 water moccasins
  2 porcupines (D:10)
  Purgy (D:3)
  4 sky beasts
  A black bear (D:10)
  8 orc warriors
  A slave (D:7)
  An eye of draining (D:9)
  A necrophage (D:10)
  2 wolves (D:10)
  5 ogres
  6 centaurs
  2 big kobolds
  2 bullfrogs
  Dowan (D:7)
  4 scorpions
  4 killer bees (D:8)
  3 wights (D:12)
  A howler monkey (D:6)
  3 crimson imps
  A bullfrog zombie (D:12)
  5 jellies
  5 hounds
  6 orc priests
  A quasit (D:6)
  3 bullfrog skeletons
  An iguana (D:4)
  A human skeleton (D:9)
  7 worker ants
  Natasha (thrice) (D:3)
  16 orc wizards
  The ghost of p0werm0de the Skirmisher, a weakling DsFi (D:5)
  A hound zombie (D:5)
  2 worker ant zombies (D:10)
  3 howler monkey skeletons
  10 adders
  5 shadow imps
  2 adder zombies
  8 oozes (D:2)
  2 worms
  3 dart slugs
  A leopard gecko (D:3)
  46 orcs
  4 ball pythons
  6 bats
  5 giant cockroaches
  5 goblins
  12 hobgoblins
  12 jackals
  20 kobolds
  5 quokkas
  3 frilled lizards
  8 rats
297 creatures vanquished.

Vanquished Creatures (collateral kills)
  A two-headed ogre (D:6)
  A water moccasin (D:6)
  An ogre (D:8)
  A killer bee (D:8)
  A howler monkey (D:9)
  A crimson imp (D:6)
  A bullfrog skeleton (D:8)
  Terence (D:2)
  An orc wizard (Orc:1)
  A hound skeleton (D:7)
  An orc (Orc:1)
  A hobgoblin (D:3)
  A kobold (D:3)
  A bat (D:3)
14 creatures vanquished.

Vanquished Creatures (others)
  3 slaves (D:7)
  A fungus (D:2)
  6 toadstools (D:2)
10 creatures vanquished.

Grand Total: 321 creatures vanquished

Notes
Turn   | Place    | Note
-------+----------+-------------------------------------------
     0 | D:1      | tidbits the Demigod Transmuter began the quest for the Orb.
     0 | D:1      | Reached XP level 1. HP: 15/15 MP: 5/5
    82 | D:1      | Reached skill level 2 in Spellcasting
   202 | D:1      | Reached XP level 2. HP: 19/22 MP: 7/7
   207 | D:1      | Learned a level 2 spell: Sticks to Snakes
   230 | D:1      | Reached skill level 3 in Unarmed Combat
   230 | D:1      | Reached skill level 2 in Transmutations
   413 | D:2      | Found a deep blue altar of Sif Muna.
   416 | D:2      | Found a basalt altar of Yredelemnul.
   432 | D:2      | Found a sparkling altar of Nemelex Xobeh.
   446 | D:2      | Found a white marble altar of Elyvilon.
   471 | D:2      | Reached XP level 3. HP: 15/27 MP: 3/8
   491 | D:2      | Noticed Jessica
   719 | D:2      | Learned a level 3 spell: Spider Form
   763 | D:2      | Found a faded altar of an unknown god.
   763 | D:2      | Noticed Terence
   772 | D:2      | Killed Terence
   850 | D:2      | Reached skill level 4 in Unarmed Combat
   850 | D:2      | Reached XP level 4. HP: 28/34 MP: 3/9
   887 | D:2      | Reached skill level 3 in Transmutations
   887 | D:2      | Reached XP level 5. HP: 7/39 MP: 3/11
  1177 | D:3      | Noticed Purgy
  1202 | D:3      | Killed Purgy
  1202 | D:3      | Reached skill level 5 in Unarmed Combat
  1215 | D:3      | Noticed Natasha
  1225 | D:3      | Killed Natasha
  1225 | D:3      | Reached XP level 6. HP: 24/46 MP: 0/12
  1236 | D:3      | Noticed Natasha
  1545 | D:4      | Found Zuoterua's Food Emporium.
  1644 | D:4      | Reached skill level 4 in Transmutations
  1674 | D:3      | Reached skill level 6 in Unarmed Combat
  1753 | D:3      | Killed Natasha
  1821 | D:3      | Noticed Natasha
  1823 | D:3      | Found a shimmering altar of Xom.
  1828 | D:3      | Killed Natasha
  1828 | D:3      | Reached skill level 1 in Fighting
  2031 | D:5      | Entered Level 5 of the Dungeon
  2041 | D:5      | Reached skill level 2 in Dodging
  2044 | D:5      | Found Hacyjinn's Antique Weapon Shoppe.
  2086 | D:5      | Reached XP level 7. HP: 37/52 MP: 9/13
  2294 | D:4      | Reached skill level 2 in Fighting
  2394 | D:5      | Found a transporter.
  2408 | D:5      | Found a transporter.
  2413 | D:5      | Found a burning altar of Makhleb.
  2436 | D:5      | Noticed p0werm0de's ghost (weakling DsFi)
  2492 | D:5      | Reached skill level 7 in Unarmed Combat
  2501 | D:5      | Killed p0werm0de's ghost
  2647 | D:5      | Found a bloodstained altar of Trog.
  2685 | D:6      | Reached skill level 3 in Dodging
  2701 | D:5      | Reached XP level 8. HP: 54/62 MP: 6/14
  2714 | D:5      | Found a shimmering altar of Xom.
  2714 | D:5      | Found a blossoming altar of Fedhas.
  2774 | D:5      | Reached skill level 3 in Fighting
  2876 | D:6      | Reached skill level 1 in Evocations
  3014 | D:6      | Noticed a two-headed ogre
  3019 | D:6      | Reached skill level 2 in Evocations
  3032 | D:6      | Killed a two-headed ogre
  3032 | D:6      | Reached skill level 5 in Evocations
  3186 | D:7      | Noticed Menkaure
  3211 | D:7      | Noticed Pikel
  3260 | D:7      | Killed Pikel
  3260 | D:7      | Reached skill level 8 in Unarmed Combat
  3260 | D:7      | Reached XP level 9. HP: 17/71 MP: 16/16
  3315 | D:7      | Learned a level 5 spell: Blade Hands
  3349 | D:6      | Reached skill level 4 in Dodging
  3466 | D:6      | Identified the Handbook of Beguiling and Translocation
  3555 | D:7      | Noticed Duvessa
  3560 | D:6      | Reached skill level 4 in Fighting
  3582 | D:7      | Noticed Dowan
  3751 | D:7      | Killed Duvessa
  3854 | D:7      | Killed Dowan
  3868 | D:7      | Found a sacrificial altar of Ru.
  3891 | D:7      | Found a staircase to the Ecumenical Temple.
  3903 | D:7      | Reached skill level 5 in Transmutations
  4085 | D:8      | Reached skill level 9 in Unarmed Combat
  4387 | D:8      | Reached skill level 5 in Dodging
  4504 | D:8      | HP: 6/72 [orc wizard/puff of frost (11)]
  4545 | D:8      | Noticed a two-headed ogre
  4609 | D:8      | Killed a two-headed ogre
  4609 | D:8      | Reached XP level 10. HP: 39/80 MP: 12/17
  4670 | D:8      | Reached skill level 5 in Fighting
  4777 | D:9      | Found a runed door.
  4802 | D:9      | Found a basalt altar of Yredelemnul.
  4910 | D:10     | Entered Level 10 of the Dungeon
  4910 | D:10     | Noticed a cyclops
  4951 | D:9      | Reached skill level 6 in Transmutations
  5074 | D:9      | Reached skill level 10 in Unarmed Combat
  5122 | D:10     | Reached skill level 6 in Dodging
  5428 | D:10     | Noticed Grum
  5445 | D:10     | Killed Grum
  5538 | D:10     | Reached skill level 6 in Fighting
  5615 | D:10     | Found a staircase to the Lair.
  5701 | D:11     | Noticed a cyclops
  5721 | D:11     | Killed a cyclops
  5756 | D:11     | Reached XP level 11. HP: 53/89 MP: 1/18
  5942 | D:12     | Reached skill level 7 in Transmutations
  6346 | D:10     | Reached skill level 8 in Transmutations
  6402 | D:10     | Got a pair of shimmering gloves
  6408 | D:10     | Identified the +4 pair of gloves "Liysuuzi" {rN+++ MR+} (You found it on level 10 of the Dungeon)
  6411 | D:10     | Found a staircase to the Orcish Mines.
  6430 | Orc:1    | Entered Level 1 of the Orcish Mines
  6558 | D:9      | Found Mamuus's Assorted Antiques.
  6639 | D:9      | Bought a potion of curing for 75 gold pieces
  6639 | D:9      | Bought a large moonstone ring for 125 gold pieces
  6716 | Orc:1    | Reached skill level 9 in Transmutations
  6856 | Orc:1    | Found a roughly hewn altar of Beogh.
  6891 | Orc:1    | Paralysed by an orc sorcerer for 4 turns
  6893 | Orc:1    | Noticed a sun demon
  6898 | Orc:1    | Killed from afar by an orc sorcerer

Vault maps used:
D:1:      tarquinn_simple_flora_water_f
D:2:      cheibrodos_fertilizer, grunt_temple_overflow_cloverleaf, first_bread,
          chequers_ecumenical_altar_simple, uniq_jessica, uniq_terence
D:3:      xom_teletrap_fun, uniq_purgy, uniq_natasha
D:4:      serial_shops, shop
D:5:      gammafunk_temple_overflow_arena, gammafunk_temple_overflow_pools,
          serial_shops, kennysheep_mini_moat, bloody_trog
D:7:      minmay_temple_entry_purple_smoke, nicolae_ru_great_annihilating_truth,
          uniq_menkaure, uniq_duvessa, uniq_pikel
D:9:      serial_shops, nicolae_shop_waterfront, dk_yredelemnul_ordeal
D:10:     minmay_blocky_corners, grunt_lair_entry_orc_guard_hut, orc_0_dummy,
          uniq_grum
D:11:     uniq_josephine
D:12:     hangedman_little_slice_of_home
D:13:     hangedman_vaults_entry_quadrant_bands
Orc:1:    mines2_david

Skill      XL: |  1  2  3  4  5  6  7  8  9 10 11 |
---------------+----------------------------------+-----
Spellcasting   | 2 |  2.1
Unarmed Combat | 3 4 5 6 7 8 9 10 | 10.8
Transmutations | 2 3 4 5 6 9 |  9.2
Fighting       | 1 2 3 4 6 |  6.3
Dodging        | 2 3 5 6 |  6.4
Evocations     | 5 |  5.3

Action                   |  1- 3 |  4- 6 |  7- 9 | 10-12 || total
-------------------------+-------+-------+-------+-------++-------
Melee: Unarmed           |    97 |   150 |   283 |   280 ||   810
       Headbutt          |    15 |     1 |       |       ||    16
       Punch             |     2 |       |       |    11 ||    13
       Mace              |       |     2 |     3 |       ||     5
 Cast: Beastly Appendage |    23 |     5 |       |       ||    28
       Sticks to Snakes  |     4 |     7 |    34 |    25 ||    70
       Spider Form       |     4 |    21 |    46 |     9 ||    80
       Blade Hands       |       |       |       |    30 ||    30
 Abil: Evoke Berserk Rag |       |       |       |     1 ||     1
Evoke: Wand              |       |       |     2 |     6 ||     8
  Use: Potion            |       |     3 |     6 |     1 ||    10
       Scroll            |       |     5 |     6 |    10 ||    21
 Stab: Sleeping          |     2 |       |     2 |     1 ||     5
       Distracted        |       |     1 |     4 |     4 ||     9
       Invisible         |       |       |     3 |       ||     3
  Eat: Chunk             |     1 |     8 |     5 |    28 ||    42
       Royal jelly       |       |       |     2 |       ||     2
       Meat ration       |       |       |     1 |       ||     1
       Fruit             |       |       |     1 |       ||     1
Armor: Robe              |    22 |    14 |     3 |    25 ||    64
       Skin              |     3 |     9 |    10 |     7 ||    29
Dodge: Dodged            |    67 |   133 |   241 |   159 ||   600

Table legend:
 A = Spawn XP
 B = Non-spawn XP
 C = Spawn XP percentage of total XP
 D = Spawn monster count
 E = Non-spawn monster count
 F = Spawn count percentage of total count
 G = Total turns spent on level
                    A         B        C        D         E        F      G
               +---------+---------+-------+---------+---------+-------+---------
         Total |    2756 |   15379 |  15.2 |      27 |     283 |   8.7 |  6898
               +---------+---------+-------+---------+---------+-------+---------
           D:1 |       5 |      41 |  10.9 |       3 |      21 |  12.5 |   587
           D:2 |       5 |     228 |   2.1 |       2 |      35 |   5.4 |   771
           D:3 |       0 |     303 |   0.0 |       0 |      29 |   0.0 |   367
           D:4 |      13 |     352 |   3.6 |       1 |      11 |   8.3 |   410
           D:5 |       0 |     733 |   0.0 |       0 |      16 |   0.0 |   681
           D:6 |      38 |    1805 |   2.1 |       2 |      22 |   8.3 |   784
           D:7 |       0 |    1637 |   0.0 |       0 |      31 |   0.0 |   601
           D:8 |      33 |    2214 |   1.5 |       1 |      33 |   2.9 |   608
           D:9 |    2202 |     704 |  75.8 |      12 |      14 |  46.2 |   695
          D:10 |      42 |    3603 |   1.2 |       1 |      25 |   3.8 |   607
          D:11 |       0 |    1764 |   0.0 |       0 |      10 |   0.0 |   302
          D:12 |     418 |     509 |  45.1 |       5 |      12 |  29.4 |   273
         Orc:1 |       0 |    1486 |   0.0 |       0 |      24 |   0.0 |   210
               +---------+---------+-------+---------+---------+-------+---------

Table legend:
 A = Turns spent in this place as a percentage of turns spent in the entire game.
 B = Non-inter-level travel turns spent in this place as a percentage of non-inter-level travel turns spent in the entire game.
 C = Inter-level travel turns spent in this place as a percentage of turns spent in this place.
 D = Turns resting spent in this place as a percentage of non-inter-level travel turns spent in this place.
 E = Turns spent auto-exploring this place as a percentage of non-inter-level travel turns spent in this place.
 F = Non-inter-level travel turns spent in this place divided by the number of levels of this place that you've seen.
                   A       B       C       D       E      F
               +-------+-------+-------+-------+-------+----------------------
         Total | 100.0 | 100.0 |  10.3 |   0.1 |   0.0 | 442.1
       Dungeon |  97.0 |  96.9 |  10.3 |   0.1 |   0.0 | 461.4
  Orcish Mines |   3.0 |   3.1 |   9.0 |   0.0 |   0.0 | 191.0
               +-------+-------+-------+-------+-------+----------------------

Table legend:
 A = Kills in this place as a percentage of kills in entire the game.
 B = Kills by you in this place as a percentage of kills by you in the entire game.
 C = Kills by friends in this place as a percentage of kills by friends in the entire game.
 D = Other kills in this place as a percentage of other kills in the entire game.
 E = Experience gained in this place as a percentage of experience gained in the entire game.
 F = Experience gained in this place divided by the number of levels of this place that you have seen.
                   A       B       C       D       E      F
               +-------+-------+-------+-------+-------+----------------------
         Total | 100.0 | 100.0 | 100.0 |   N/A | 100.0 | 1295.4
       Dungeon |  92.3 |  92.6 |  85.7 |   N/A |  91.8 | 1280.7
  Orcish Mines |   7.7 |   7.4 |  14.3 |   N/A |   8.2 | 1486.0
               +-------+-------+-------+-------+-------+----------------------

Vault maps used:
D:1:      tarquinn_simple_flora_water_f
D:2:      cheibrodos_fertilizer, grunt_temple_overflow_cloverleaf, first_bread,
          chequers_ecumenical_altar_simple, uniq_jessica, uniq_terence
D:3:      xom_teletrap_fun, uniq_purgy, uniq_natasha
D:4:      serial_shops, shop
D:5:      gammafunk_temple_overflow_arena, gammafunk_temple_overflow_pools,
          serial_shops, kennysheep_mini_moat, bloody_trog
D:7:      minmay_temple_entry_purple_smoke, nicolae_ru_great_annihilating_truth,
          uniq_menkaure, uniq_duvessa, uniq_pikel
D:9:      serial_shops, nicolae_shop_waterfront, dk_yredelemnul_ordeal
D:10:     minmay_blocky_corners, grunt_lair_entry_orc_guard_hut, orc_0_dummy,
          uniq_grum
D:11:     uniq_josephine
D:12:     hangedman_little_slice_of_home
D:13:     hangedman_vaults_entry_quadrant_bands
Orc:1:    mines2_david
